TOP OF THE 1ST |
Canton Indians batting - Pitching for Chester Pirates : RHP Justin Rousell
|
Pitching: RHP Justin Rousell
|
|
Batting: RHB George Wagner
|
0-0: DOUBLE (Groundball, 3L, EV 105.6 MPH)
|
Batting: RHB Jose Argueta
|
0-0: Ball 1-0: Ball 2-0: 2-RUN HOME RUN (Flyball, 7D, EV 100.6 MPH), Distance : 386 ft
|
Batting: RHB Josh Patterson
|
0-0: Ball 1-0: Called Strike 1-1: Fly out, F7 (Line Drive, 7, EV 89.4 MPH)
|
Batting: RHB Nick Gossman
|
0-0: Ball 1-0: Ball 2-0: Ball 3-0: Called Strike 3-1: Foul Ball, location: 2F 3-2: Strikes out looking
|
Batting: RHB Leo Villa
|
0-0: Foul Ball, location: 2F 0-1: Fly out, F9 (Flyball, 9LM, EV 86.9 MPH)
|
Top of the 1st over - 2 runs, 2 hits, 0 errors, 0 left on base; Canton 2 - Chester 0 |
BOTTOM OF THE 1ST |
Chester Pirates batting - Pitching for Canton Indians : RHP John Bychyk
|
Pitching: RHP John Bychyk
|
|
Batting: LHB Chad Cutler
|
0-0: Swinging Strike 0-1: Swinging Strike 0-2: Ball 1-2: Ball 2-2: Ball 3-2: Foul Ball, location: 2F 3-2: Base on Balls
|
Batting: RHB Jon Solis
|
0-0: Called Strike 0-1: Called Strike Chad Cutler is caught stealing 2nd base 2-4 0-2: Fly out, F7 (Flyball, 7S, EV 83.8 MPH)
|
Batting: RHB Rusty Trader
|
0-0: Ball 1-0: Foul Ball, location: 2F 1-1: Ball 2-1: Called Strike 2-2: Fly out, F7 (Flyball, 78M, EV 85.6 MPH)
|
Bottom of the 1st over - 0 runs, 0 hits, 0 errors, 0 left on base; Canton 2 - Chester 0 |
TOP OF THE 2ND |
Canton Indians batting - Pitching for Chester Pirates : RHP Justin Rousell
|
Batting: RHB Tacito Carreiro
|
0-0: Fly out, F8 (Line Drive, 8LD, EV 84.4 MPH)
|
Batting: RHB Bill Ortiz
|
0-0: Ball 1-0: Hit by Pitch
|
Batting: RHB Cruz Castro
|
0-0: Ball 1-0: Swinging Strike 1-1: Called Strike 1-2: Strikes out swinging
|
Batting: RHB Juan Ordonez
|
0-0: Ball 1-0: Ball 2-0: Foul Ball, location: 2F 2-1: Foul Ball, location: 2F 2-2: Ball 3-2: Base on Balls Bill Ortiz to second
|
Batting: RHB George Wagner
|
0-0: Called Strike 0-1: Ball 1-1: Foul Ball, location: 2F 1-2: Ball 2-2: Foul Ball, location: 2F 2-2: Ground out U3 (Groundball, 34S, EV 80.6 MPH)
|
Top of the 2nd over - 0 runs, 0 hits, 0 errors, 2 left on base; Canton 2 - Chester 0 |
BOTTOM OF THE 2ND |
Chester Pirates batting - Pitching for Canton Indians : RHP John Bychyk
|
Batting: RHB Hector Barajas
|
0-0: Swinging Strike 0-1: Swinging Strike 0-2: Strikes out swinging
|
Batting: RHB Ricky Alvarado
|
0-0: SOLO HOME RUN (Flyball, 9D, EV 98.8 MPH), Distance : 382 ft
|
Batting: LHB Kazuyoshi Ikeda
|
0-0: Ball 1-0: Called Strike 1-1: Called Strike 1-2: Foul Ball, location: 2F 1-2: Foul Ball, location: 2F 1-2: Fly out, F6 (Popup, 4M, EV 77.5 MPH)
|
Batting: RHB Rafael Galicia
|
0-0: Called Strike 0-1: Ground out 6-3 (Groundball, 6, EV 78.1 MPH)
|
Bottom of the 2nd over - 1 run, 1 hit, 0 errors, 0 left on base; Canton 2 - Chester 1 |
TOP OF THE 3RD |
Canton Indians batting - Pitching for Chester Pirates : RHP Justin Rousell
|
Batting: RHB Jose Argueta
|
0-0: Foul Ball, location: 2F 0-1: Ball 1-1: Foul Ball, location: 2F 1-2: Foul Ball, location: 2F 1-2: Fly out, F8 (Flyball, 8LD, EV 93.1 MPH)
|
Batting: RHB Josh Patterson
|
0-0: Ground out 6-3 (Groundball, 56D, EV 96.2 MPH)
|
Batting: RHB Nick Gossman
|
0-0: Swinging Strike 0-1: Foul Ball, location: 2F 0-2: Ball 1-2: Ball 2-2: Ball 3-2: Strikes out swinging
|
Top of the 3rd over - 0 runs, 0 hits, 0 errors, 0 left on base; Canton 2 - Chester 1 |
BOTTOM OF THE 3RD |
Chester Pirates batting - Pitching for Canton Indians : RHP John Bychyk
|
Batting: LHB Damien Cohen
|
0-0: Ball 1-0: Fly out, F8 (Flyball, 8LM, EV 93.8 MPH)
|
Batting: RHB Matt Derrien
|
0-0: Ball 1-0: Ball 2-0: Ball 3-0: Called Strike 3-1: Called Strike 3-2: Strikes out swinging
|
Batting: LHB Chad Cutler
|
0-0: Called Strike 0-1: Ball 1-1: Ball 2-1: Ground out 6-3 (Groundball, 4M, EV 105.0 MPH)
|
Bottom of the 3rd over - 0 runs, 0 hits, 0 errors, 0 left on base; Canton 2 - Chester 1 |
TOP OF THE 4TH |
Canton Indians batting - Pitching for Chester Pirates : RHP Justin Rousell
|
Batting: RHB Leo Villa
|
0-0: Foul Ball, location: 2F 0-1: Ball 1-1: Ball 2-1: Ball 3-1: Base on Balls
|
Batting: RHB Tacito Carreiro
|
0-0: Swinging Strike 0-1: Ball 1-1: Ball 2-1: Ball 3-1: Ground out 6-3 (Groundball, 6D, EV 96.9 MPH) Leo Villa to second
|
Batting: RHB Bill Ortiz
|
0-0: Ground out U3 (Groundball, 34S, EV 78.1 MPH) Leo Villa to third
|
Batting: RHB Cruz Castro
|
0-0: Called Strike 0-1: Foul Ball, location: 2F 0-2: Foul Ball, location: 2F 0-2: Ball 1-2: Ball 2-2: Ball 3-2: Foul Ball, location: 2F 3-2: Foul Ball, location: 2F 3-2: Base on Balls
|
Batting: RHB Juan Ordonez
|
0-0: Foul Ball, location: 2F 0-1: Ball 1-1: Ball 2-1: Ball 3-1: Fly out, F8 (Flyball, 8RD, EV 74.4 MPH)
|
Top of the 4th over - 0 runs, 0 hits, 0 errors, 2 left on base; Canton 2 - Chester 1 |
BOTTOM OF THE 4TH |
Chester Pirates batting - Pitching for Canton Indians : RHP John Bychyk
|
Batting: RHB Jon Solis
|
0-0: Called Strike 0-1: Fly out, F9 (Flyball, 9LM, EV 103.8 MPH)
|
Batting: RHB Rusty Trader
|
0-0: Called Strike 0-1: Fly out, F9 (Flyball, 9, EV 82.5 MPH)
|
Batting: RHB Hector Barajas
|
0-0: Ball 1-0: SINGLE (Groundball, 4, EV 96.9 MPH)
|
Batting: RHB Ricky Alvarado
|
0-0: Called Strike 0-1: Ground out U3 (Groundball, 3, EV 96.2 MPH)
|
Bottom of the 4th over - 0 runs, 1 hit, 0 errors, 1 left on base; Canton 2 - Chester 1 |
TOP OF THE 5TH |
Canton Indians batting - Pitching for Chester Pirates : RHP Justin Rousell
|
Batting: RHB George Wagner
|
0-0: Ball 1-0: Ball 2-0: Ball 3-0: Swinging Strike 3-1: SOLO HOME RUN (Flyball, 7D, EV 99.4 MPH), Distance : 390 ft
|
Batting: RHB Jose Argueta
|
0-0: Ground out 4-3 (Groundball, 4, EV 80.0 MPH)
|
Batting: RHB Josh Patterson
|
0-0: SINGLE (Groundball, 6D, EV 102.5 MPH)
|
Batting: RHB Nick Gossman
|
0-0: Ball 1-0: Ball 2-0: Ball 3-0: Called Strike 3-1: Foul Ball, location: 2F 3-2: SINGLE (Line Drive, 89S, EV 99.4 MPH) Josh Patterson to second
|
Batting: RHB Leo Villa
|
0-0: Ball 1-0: Called Strike 1-1: Ball 2-1: Ball 3-1: Swinging Strike 3-2: Reached on error, E6 (Groundball, 56, EV 81.9 MPH) Josh Patterson to third Nick Gossman to second
|
Batting: RHB Tacito Carreiro
|
0-0: Ball 1-0: Ball 2-0: GRAND SLAM HOME RUN (Flyball, 78XD, EV 113.8 MPH), Distance : 434 ft
|
Pitching: RHP Bill Gomez
|
|
Batting: RHB Bill Ortiz
|
0-0: Ball 1-0: Called Strike 1-1: Foul Ball, location: 2F 1-2: Foul Ball, location: 2F 1-2: Ball 2-2: Ball 3-2: Strikes out looking
|
Batting: RHB Cruz Castro
|
0-0: Ball 1-0: Ball 2-0: Ground out U3 (Groundball, 3S, EV 65.0 MPH)
|
Top of the 5th over - 5 runs, 4 hits, 1 error, 0 left on base; Canton 7 - Chester 1 |
BOTTOM OF THE 5TH |
Chester Pirates batting - Pitching for Canton Indians : RHP John Bychyk
|
Batting: LHB Kazuyoshi Ikeda
|
0-0: Ball 1-0: Ball 2-0: Ball 3-0: Called Strike 3-1: Base on Balls
|
Batting: RHB Rafael Galicia
|
0-0: Ball 1-0: Foul Ball, location: 2F 1-1: Swinging Strike 1-2: Foul Ball, location: 2F 1-2: Ball 2-2: Strikes out swinging
|
Batting: LHB Damien Cohen
|
0-0: 2-RUN HOME RUN (Flyball, 9LD, EV 93.1 MPH), Distance : 350 ft
|
Batting: RHB Matt Derrien
|
0-0: Ball 1-0: Ball 2-0: Fly out, F6 (Popup, 4M, EV 73.8 MPH)
|
Batting: LHB Chad Cutler
|
0-0: Foul Ball, location: 2F 0-1: Ball 1-1: Ball 2-1: Called Strike 2-2: Strikes out swinging
|
Bottom of the 5th over - 2 runs, 1 hit, 0 errors, 0 left on base; Canton 7 - Chester 3 |
TOP OF THE 6TH |
Canton Indians batting - Pitching for Chester Pirates : RHP Bill Gomez
|
Batting: RHB Juan Ordonez
|
0-0: Ball 1-0: Called Strike 1-1: Foul Ball, location: 2F 1-2: Ball 2-2: Ball 3-2: Base on Balls
|
Batting: RHB George Wagner
|
0-0: Called Strike 0-1: Ball Juan Ordonez is caught stealing 2nd base 2-4 1-1: Fly out, F9 (Line Drive, 9D, EV 98.1 MPH)
|
Batting: RHB Jose Argueta
|
0-0: Called Strike 0-1: Ball 1-1: Ball 2-1: Swinging Strike 2-2: Ball 3-2: Strikes out swinging
|
Top of the 6th over - 0 runs, 0 hits, 0 errors, 0 left on base; Canton 7 - Chester 3 |
BOTTOM OF THE 6TH |
Chester Pirates batting - Pitching for Canton Indians : RHP John Bychyk
|
Pitching: RHP Manuel de los Santos
|
|
Batting: RHB Jon Solis
|
0-0: Foul Ball, location: 2F 0-1: Ball 1-1: Ball 2-1: Fly out, F8 (Line Drive, 89M, EV 86.9 MPH)
|
Batting: RHB Rusty Trader
|
0-0: SOLO HOME RUN (Flyball, 8LXD, EV 113.1 MPH), Distance : 459 ft
|
Batting: RHB Hector Barajas
|
0-0: Foul Ball, location: 2F 0-1: Called Strike 0-2: Foul Ball, location: 2F 0-2: Ball 1-2: Ball 2-2: Foul Ball, location: 2F 2-2: Strikes out swinging
|
Batting: RHB Ricky Alvarado
|
0-0: Ball 1-0: Foul Ball, location: 2F 1-1: DOUBLE (Line Drive, 9LM, EV 110.6 MPH)
|
Batting: LHB Kazuyoshi Ikeda
|
0-0: Ball 1-0: Ball 2-0: Called Strike 2-1: Foul Ball, location: 2F 2-2: Foul Ball, location: 2F 2-2: Foul Ball, location: 2F 2-2: Fly out, F7 (Flyball, 7, EV 91.2 MPH)
|
Bottom of the 6th over - 1 run, 2 hits, 0 errors, 1 left on base; Canton 7 - Chester 4 |
TOP OF THE 7TH |
Canton Indians batting - Pitching for Chester Pirates : RHP Bill Gomez
|
Batting: RHB Josh Patterson
|
0-0: Ball 1-0: Ground out 6-3 (Groundball, 4M, EV 101.2 MPH)
|
Batting: RHB Nick Gossman
|
0-0: SINGLE (Line Drive, 4M, EV 100.6 MPH)
|
Batting: RHB Leo Villa
|
0-0: Fly out, F9 (Flyball, 9D, EV 85.0 MPH)
|
Batting: RHB Tacito Carreiro
|
0-0: Ball 1-0: Ball Nick Gossman is caught stealing 2nd base 2-4
|
Top of the 7th over - 0 runs, 1 hit, 0 errors, 0 left on base; Canton 7 - Chester 4 |
BOTTOM OF THE 7TH |
Chester Pirates batting - Pitching for Canton Indians : RHP Manuel de los Santos
|
Pinch Hitting: RHB Dan Kurtz
|
0-0: Swinging Strike 0-1: Ground out 6-3 (Groundball, 4M, EV 89.4 MPH)
|
Batting: LHB Damien Cohen
|
0-0: Ball 1-0: Ball 2-0: Swinging Strike 2-1: Called Strike 2-2: Foul Ball, location: 2F 2-2: Strikes out looking
|
Batting: RHB Matt Derrien
|
0-0: Ball 1-0: Foul Ball, location: 2F 1-1: Ball 2-1: Swinging Strike 2-2: Strikes out swinging
|
Bottom of the 7th over - 0 runs, 0 hits, 0 errors, 0 left on base; Canton 7 - Chester 4 |
TOP OF THE 8TH |
Canton Indians batting - Pitching for Chester Pirates : RHP Bill Gomez
|
Now at 3B: Dan Kurtz
|
|
Batting: RHB Tacito Carreiro
|
0-0: Ball 1-0: Ball 2-0: Ball 3-0: Called Strike 3-1: Foul Ball, location: 2F 3-2: Foul Ball, location: 2F 3-2: Foul Ball, location: 2F 3-2: Base on Balls
|
Batting: RHB Bill Ortiz
|
0-0: Foul Ball, location: 2F 0-1: Ball 1-1: Foul Ball, location: 2F 1-2: Strikes out swinging
|
Batting: RHB Cruz Castro
|
0-0: Called Strike 0-1: Foul Ball, location: 2F 0-2: SINGLE (Line Drive, 4D, EV 95.0 MPH) Tacito Carreiro to second
|
Batting: RHB Juan Ordonez
|
0-0: Ball 1-0: Called Strike 1-1: Foul Ball, location: 2F 1-2: Strikes out swinging
|
Pitching: LHP Juan Hernandez
|
|
Batting: RHB George Wagner
|
0-0: Ball 1-0: Foul Ball, location: 2F 1-1: Foul Ball, location: 2F 1-2: Fly out, F9 (Flyball, 89M, EV 98.8 MPH)
|
Top of the 8th over - 0 runs, 1 hit, 0 errors, 2 left on base; Canton 7 - Chester 4 |
BOTTOM OF THE 8TH |
Chester Pirates batting - Pitching for Canton Indians : RHP Manuel de los Santos
|
Batting: LHB Chad Cutler
|
0-0: Ball 1-0: Ball 2-0: Ball 3-0: Called Strike 3-1: Foul Ball, location: 2F 3-2: Base on Balls
|
Batting: RHB Jon Solis
|
0-0: Foul Ball, location: 2F 0-1: Ball 1-1: Ball 2-1: Ball 3-1: Swinging Strike 3-2: Ground out 4-3 (Groundball, 34, EV 102.5 MPH) Chad Cutler to second
|
Batting: RHB Rusty Trader
|
0-0: Foul Ball, location: 2F 0-1: Ball 1-1: 2-RUN HOME RUN (Flyball, 7D, EV 98.8 MPH), Distance : 393 ft
|
Batting: RHB Hector Barajas
|
0-0: Ball 1-0: Called Strike 1-1: Ball 2-1: Ball 3-1: Called Strike 3-2: Base on Balls
|
Batting: RHB Ricky Alvarado
|
0-0: Called Strike 0-1: Foul Ball, location: 2F 0-2: TRIPLE (Flyball, 89XD, EV 93.1 MPH) Hector Barajas scores
|
Batting: LHB Kazuyoshi Ikeda
|
0-0: Ball 1-0: Ball 2-0: Called Strike 2-1: Foul Ball, location: 2F 2-2: Ball 3-2: 2-RUN HOME RUN (Flyball, 7LD, EV 97.5 MPH), Distance : 353 ft
|
Pitching: RHP Joe Bauer
|
|
Batting: RHB Dan Kurtz
|
0-0: Foul Ball, location: 2F 0-1: Called Strike 0-2: Ball 1-2: Ball 2-2: DOUBLE (Line Drive, 7LS, EV 110.0 MPH)
|
Batting: LHB Damien Cohen
|
0-0: Ball 1-0: Ball 2-0: Called Strike 2-1: Called Strike 2-2: Foul Ball, location: 2F 2-2: Foul Ball, location: 2F 2-2: Fly out, F8 (Flyball, 8RXD, EV 106.2 MPH) Runner from 2nd tags up, SAFE at 3rd, no throw by CF
|
Batting: RHB Matt Derrien
|
0-0: Foul Ball, location: 2F 0-1: Ball 1-1: Ball 2-1: Ground out U3 (Groundball, 34, EV 78.1 MPH)
|
Bottom of the 8th over - 5 runs, 4 hits, 0 errors, 1 left on base; Canton 7 - Chester 9 |
TOP OF THE 9TH |
Canton Indians batting - Pitching for Chester Pirates : LHP Juan Hernandez
|
Pitching: RHP Pete Griesser
|
|
Batting: RHB Jose Argueta
|
0-0: Called Strike 0-1: Ball 1-1: Ball 2-1: Called Strike 2-2: Ball 3-2: Fly out, F8 (Flyball, 8LD, EV 100.0 MPH)
|
Batting: RHB Josh Patterson
|
0-0: Ball 1-0: Ball 2-0: Ball 3-0: Called Strike 3-1: Foul Ball, location: 2F 3-2: Foul Ball, location: 2F 3-2: Strikes out looking
|
Batting: RHB Nick Gossman
|
0-0: Called Strike 0-1: Ball 1-1: Swinging Strike 1-2: Foul Ball, location: 2F 1-2: Ball 2-2: DOUBLE (Line Drive, 89D, EV 97.5 MPH)
|
Pinch Hitting: LHB Justin Eargle
|
0-0: Ball 1-0: Ball 2-0: Called Strike 2-1: Foul Ball, location: 2F 2-2: Foul Ball, location: 2F 2-2: Ground out 3-1 (Groundball, 34, EV 78.1 MPH)
|
Top of the 9th over - 0 runs, 1 hit, 0 errors, 1 left on base; Canton 7 - Chester 9 |
|